 Dungeon Crawl Stone Soup version 0.18-a0-1577-gf591c28 (webtiles) character file.

51 namename2 the Grave Robber (level 3, 16/24 HPs)
             Began as a Mummy Necromancer on Mar 21, 2016.
             Was an Initiate of Gozag.
             Quit the game on level 2 of the Dungeon.
             The game lasted 00:10:33 (2081 turns).

namename2 the Grave Robber (Mummy Necromancer)      Turns: 2081, Time: 00:10:33

Health: 16/24      AC:  3    Str: 11    XL:     3   Next: 58%
Magic:  15/15      EV: 12    Int: 15    God:    Gozag
Gold:   108        SH:  0    Dex: 12    Spells: 3 memorised, 1 level left

rFire  x . .     SeeInvis .     c - -3 club (curse)
rCold  + . .     Gourm    .     a - +0 robe
rNeg   + + +     Faith    .     (no shield)
rPois  ∞         Spirit   .     (no helmet)
rElec  .         Dismiss  .     (no cloak)
rCorr  .         Reflect  .     (no gloves)
SustAt .         Harm     .     (no boots)
MR     .....                    (no amulet)
Stlth  ++........               h - +1 ring of protection
                                d - ring of magical power

@: not resistant to hostile enchantments, unstealthy
A: no food or potions, fire vulnerability, cold resistance 1, negative energy
resistance 3, torment resistance, unbreathing
a: Potion Petition, Call Merchant, Bribe Branch, Renounce Religion


You were on level 2 of the Dungeon.
You worshipped Gozag.
Gozag was noncommittal.
You were not hungry.

You visited 1 branch of the dungeon, and saw 3 of its levels.

You collected 143 gold pieces.
You paid 35 gold pieces to Gozag.

Inventory:

Hand Weapons
 c - a cursed -3 club (weapon)
Missiles
 f - 95 stones
 i - 4 poisoned needles
 j - 8 tomahawks (quivered)
Armour
 a - a +0 robe (worn)
Jewellery
 d - a ring of magical power (left hand)
 h - a +1 ring of protection (right hand)
Scrolls
 e - a scroll of teleportation {unknown}
 g - 2 scrolls of identify {unknown}
Books
 b - a book of Necromancy

   Spells                             Type                      Level
   a - Pain                           Necromancy                   1
   b - Animate Skeleton               Necromancy                   1
   c - Vampiric Draining              Necromancy                   3
   d - Regeneration                   Charms/Necromancy            3
   e - Animate Dead                   Necromancy                   4
   f - Control Undead                 Necromancy                   4


   Skills:
 - Level 1.5 Dodging
 - Level 1.5 Stealth
 - Level 2.0 Spellcasting
 + Level 5.3 Necromancy


You had one spell level left.
You knew the following spells:

 Your Spells              Type           Power        Failure   Level  Hunger
a - Pain                  Necr           ###.         2%          1    N/A
b - Animate Skeleton      Necr           N/A          2%          1    N/A
c - Vampiric Draining     Necr           ###.......   10%         3    N/A

Dungeon Overview and Level Annotations

Branches:
Dungeon (3/15)

Altars:
Gozag

Annotations:
D:3 Jessica


Innate Abilities, Weirdness & Mutations

You do not eat or drink.
Your flesh is vulnerable to fire.
You are immune to poison.
Your flesh is cold resistant.
You are immune to negative energy.
You are immune to unholy pain and torment.
You can survive without breathing.


Message History

Jessica shouts!
The ball python skeleton closely misses you.
The ball python skeleton barely misses you.
A kobold comes into view. It is wielding a dagger.
There is a stone staircase leading up here.
The hound skeleton bites you. The adder zombie bites you.
The ball python skeleton bites you. The ball python skeleton grabs you.
You stop ascending the stairs.
The ball python skeleton constricts you.
You escape the ball python skeleton's grasp.
The hound skeleton barely misses you.
The adder zombie bites you but does no damage.
The hound skeleton bites you.
You climb upwards.
There is a stone staircase leading down here.
You can't go up here!
You can't go up here!
You can't go up here!
Okay, then.
Are you sure you want to abandon this character and quit the game? (Confirm with "yes".)

##.#############.#############.##
.#.#...........#.#...........#.#.
.#.#.####.####(#.#.####.####.#.#.
.#.#....#.#....#.#....#.#.Z..#.#.
##.####.#.#.####.####.#.#.####.##
........#.#...........#.#........
#########.#############.#########
.................................
................@................
####..........##........###......
..............###.......###.##...
.###..........# #....<..##..###..
##..........<.# ###....###.####..
...#..>.......# #...)..........
.####.######### #....#.........
...##.######## ##.#............
....#....#...#####.....##........


There were no monsters in sight!

Vanquished Creatures
  An adder (D:2)
  An ooze (D:1)
  A worm (D:2)
  A dart slug (D:1)
  2 bats
  5 goblins
  7 hobgoblins
  4 jackals (D:2)
  2 giant newts (D:2)
  A kobold (D:2)
  6 rats
31 creatures vanquished.

Vanquished Creatures (collateral kills)
  A bat (D:1)
  A rat (D:2)
2 creatures vanquished.

Grand Total: 33 creatures vanquished

Notes
Turn   | Place    | Note
--------------------------------------------------------------
     0 | D:1      | namename2 the Mummy Necromancer began the quest for the Orb.
     0 | D:1      | Reached XP level 1. HP: 13/13 MP: 3/3
     2 | D:1      | Learned a level 1 spell: Animate Skeleton
   357 | D:1      | Reached XP level 2. HP: 13/19 MP: 1/5
  1243 | D:2      | Reached skill level 5 in Necromancy
  1243 | D:2      | Reached XP level 3. HP: 12/24 MP: 0/6
  1307 | D:2      | Learned a level 3 spell: Vampiric Draining
  1926 | D:2      | Found an opulent altar of Gozag.
  1932 | D:2      | Became a worshipper of Gozag Ym Sagoz the Greedy
  2067 | D:3      | Noticed Jessica
  2081 | D:2      | Quit the game

Vault maps used:
D:1:      dpeg_arrival_rooms_c, serial_co_window_serial, co_window_paths_a,
          co_window_paths_b, co_window_paths_b, co_window_paths_b,
          co_window_corner_a, co_window_cross_1, co_window_paths_b,
          co_window_2corner, co_window_of_opportunity_c,
          co_window_of_opportunity_c, glass_columns_b, glass_columns_b,
          glass_columns_a
D:2:      roderic_lattice_a, minivault_25, nicolae_gozag_seed_capital
D:3:      makhleb_blood_cavern_becter, serial_undead, serial_undead_f,
          serial_undead_b, serial_undead_f, serial_undead_e, serial_undead_f,
          serial_undead_e, serial_undead_f, serial_undead_c, serial_undead_c,
          serial_undead_e, uniq_natasha, uniq_jessica

Skill      XL: |  1  2 |
---------------+-------+-----
Necromancy     | 5 |  5.3
Dodging        | |  1.5
Stealth        | |  1.5
Spellcasting   | |  2.0

Action                   || total
-------------------------++-------
Melee: Unarmed           ||     7
       Club              ||    17
Throw: Stone             ||     5
 Cast: Pain              ||    58
       Animate Skeleton  ||    10
       Vampiric Draining ||     1
 Stab: Sleeping          ||     1
